 Dungeon Crawl Stone Soup version 0.21-a0-404-g291f19a (webtiles) character file.

231 HAL9000 the Cutter (level 6, -2/30 HPs)
             Began as a Vine Stalker Assassin on Oct 28, 2017.
             Slain by a gnoll
             ... wielding a +0 whip
              (12 damage)
             ... on level 3 of the Dungeon.
             The game lasted 00:04:43 (2542 turns).

HAL9000 the Cutter (Vine Stalker Assassin)          Turns: 2542, Time: 00:04:44

Health: -2/30      AC:  5    Str: 15    XL:     6   Next: 3%
Magic:  0/7        EV: 11    Int: 11    God:
Gold:   177        SH:  0    Dex: 16    Spells: 5/5 levels left

rFire    . . .     SeeInvis .   a - +2 dagger
rCold    . . .     Gourm    .   (no shield)
rNeg     . . .     Faith    .   c - +0 robe
rPois    .         Spirit   +   s - +1 helmet
rElec    .         Reflect  .   d - +0 cloak
rCorr    .         Harm     +   (no gloves)
MR       .....                  (no boots)
Stlth    +++.......             u - amulet of harm
HPRegen  0.50/turn              (no ring)
MPRegen  0.10/turn              (no ring)

@: no status effects
A: fangs 2, regeneration 1, magic shield, antimagic bite, no potion heal 3, rot
immunity
a: no special abilities


You were on level 3 of the Dungeon.
You were not hungry.

You visited 1 branch of the dungeon, and saw 3 of its levels.

You collected 177 gold pieces.

Inventory:

Hand Weapons
 a - a +2 dagger (weapon)
 b - a +0 blowgun
Missiles
 e - 47 poisoned needles
 f - 2 curare-tipped needles
 v - 3 poisoned javelins (quivered)
 D - 5 poisoned tomahawks
Armour
 c - a +0 robe (worn)
 d - a +0 cloak (worn)
 s - a +1 helmet (worn)
Jewellery
 u - an amulet of harm (around neck)
 A - an uncursed ring of magical power {unknown}
Wands
 y - a wand of iceblast (9/15)
Scrolls
 i - 4 scrolls of identify {unknown}
 m - a scroll of remove curse {unknown}
 q - a scroll of blinking {unknown}
 r - a scroll of amnesia {unknown}
Potions
 j - 2 potions of might {unknown}
 k - 3 potions of haste {unknown}
 o - a potion of curing {unknown}
 t - a potion of brilliance {unknown}
Books
 p - a book of Misfortune

   Spells                             Type                      Level
   a - Confusing Touch                Hexes                        1
   b - Confuse                        Hexes                        3
   c - Gell's Gravitas                Translocation                3
   d - Petrify                        Transmutation/Earth          4
   e - Metabolic Englaciation         Hexes/Ice                    5
   f - Yara's Violent Unravelling     Hexes/Transmutation          5
Comestibles
 g - 2 bread rations
 x - a royal jelly
 z - a meat ration
 B - 3 chunks of flesh
 C - 2 fruits


   Skills:
 - Level 1.7 Fighting
 + Level 5.5 Short Blades
 - Level 1.7 Throwing
 - Level 0.7 Dodging
 - Level 4.8 Stealth


You had 5 spell levels left.
You didn't know any spells.

Dungeon Overview and Level Annotations

Branches:
Dungeon (3/15)

Altars:
Fedhas
Nemelex Xobeh


Innate Abilities, Weirdness & Mutations

You have extremely sharp teeth.
Your natural rate of healing is unusually fast.
When hurt, damage is shared between your health and your magic reserves.
Your bite disrupts and absorbs the magic of your enemies.
Potions cannot restore your health.
You are immune to rotting.


Message History

You barely miss the gnoll. Your bite misses the gnoll.
The gnoll hits you with a whip.
You barely miss the gnoll. The gnoll barely misses you.
You hit the gnoll but do no damage. The gnoll hits you with a whip!
You hit the gnoll.
The gnoll is lightly wounded.
You hit the gnoll but do no damage. You bite the gnoll, but do no damage.
The gnoll is lightly wounded.
The gnoll hits you with a whip!
You hit the gnoll.
The gnoll is moderately wounded.
The gnoll hits you with a whip.
You hit the gnoll but do no damage.
The gnoll is moderately wounded.
The gnoll hits you with a whip.
* * * LOW HITPOINT WARNING * * *
You hit the gnoll. Your bite misses the gnoll.
The gnoll is heavily wounded.
The gnoll hits you with a whip!
You die...

........##### ##.#.###
.....#### #......#
..<....# #..8.8.#
.......'.. #...⌠..#
.......###
########.....## ####...#
#.......#.#.## ####
#.....[.#.#.#
############.....).#.#.#
(.(.........)..g@.....>#
####.#######.......#####
... ###.......# #....
#.........# #....
##.######### #.... #...♣
..... ♣..♣♣ ##### ♣♣.♣
♣.♣


You could see a gnoll.

Vanquished Creatures
  An orc wizard (D:3)
  A worker ant (D:3)
  5 adders
  6 gnolls
  An ooze (D:2)
  3 worms
  A dart slug (D:1)
  5 orcs (D:3)
  2 giant cockroaches (D:1)
  7 goblins
  4 hobgoblins
  3 jackals (D:2)
  6 kobolds
  9 bats
  5 frilled lizards
  3 rats
62 creatures vanquished.

Notes
Turn   | Place    | Note
-------+----------+-------------------------------------------
     0 | D:1      | HAL9000 the Vine Stalker Assassin began the quest for the Orb.
     0 | D:1      | Reached XP level 1. HP: 11/11 MP: 2/2
    48 | D:1      | Reached skill level 2 in Short Blades
   256 | D:1      | Reached XP level 2. HP: 6/15 MP: 3/3
   948 | D:1      | Reached skill level 3 in Short Blades
  1233 | D:1      | Reached XP level 3. HP: 18/18 MP: 4/4
  1714 | D:2      | Found a sparkling altar of Nemelex Xobeh.
  1822 | D:2      | Gained mutation: Your natural rate of healing is unusually fast. [Vine Stalker growth]
  1822 | D:2      | Reached XP level 4. HP: 23/23 MP: 5/5
  1997 | D:2      | Reached skill level 4 in Short Blades
  2109 | D:3      | Reached XP level 5. HP: 26/26 MP: 6/6
  2269 | D:3      | Reached skill level 5 in Short Blades
  2485 | D:3      | Found a blossoming altar of Fedhas.
  2531 | D:3      | Reached XP level 6. HP: 27/30 MP: 7/7
  2542 | D:3      | Slain by a gnoll

Vault maps used:
D:1:      evilmike_arrival_rings
D:2:      nemelex_xobeh_ov_fountains_minmay
D:3:      lemuel_round_altar, hangedman_feature_mirror, fedhas_altar_4

Skill      XL: |  1  2  3  4  5 |
---------------+----------------+-----
Short Blades   | 2 3 4 5 |  5.5
Fighting       | |  1.7
Throwing       | |  1.7
Dodging        | |  0.7
Stealth        | |  4.8

Action                   |  1- 3 |  4- 6 || total
-------------------------+-------+-------++-------
Melee: Dagger            |    64 |   126 ||   190
       Bite              |    15 |    25 ||    40
 Fire: Blowgun           |     8 |       ||     8
Throw: Javelin           |       |     3 ||     3
 Stab: Sleeping          |    12 |     5 ||    17
  Eat: Chunk             |     1 |       ||     1
       Meat ration       |       |     1 ||     1
Armor: Robe              |    11 |    47 ||    58
Dodge: Dodged            |    36 |    77 ||   113

Table legend:
 A = Spawn XP
 B = Non-spawn XP
 C = Spawn XP percentage of total XP
 D = Spawn monster count
 E = Non-spawn monster count
 F = Spawn count percentage of total count
 G = Total turns spent on level
                    A         B        C        D         E        F      G
               +---------+---------+-------+---------+---------+-------+---------
         Total |       0 |     330 |   0.0 |       0 |      62 |   0.0 |  2542
               +---------+---------+-------+---------+---------+-------+---------
           D:1 |       0 |      34 |   0.0 |       0 |      21 |   0.0 |  1284
           D:2 |       0 |      68 |   0.0 |       0 |      13 |   0.0 |   713
           D:3 |       0 |     228 |   0.0 |       0 |      28 |   0.0 |   545
               +---------+---------+-------+---------+---------+-------+---------
